 Dungeon Sprint DCSS version 0.20-a0-629-gc37eb77 (webtiles) character file.

16841 Buffagor the Brawler (level 12, -9/136 HPs)
             Began as a Troll Monk on Feb 10, 2017.
             Was the Champion of Jiyva.
             Mangled by an ettin
             ... wielding a +0 dire flail
              (17 damage)
             ... in the Dungeon (Sprint IX: "|||||||||||||||||||||||||||||").
             The game lasted 00:04:56 (1235 turns).

Buffagor the Brawler (Troll Monk)                   Turns: 1235, Time: 00:04:57

Health: -9/136     AC:  8    Str: 21    XL:     12   Next: 13%
Magic:  11/11      EV: 22    Int: 12    God:    Jiyva [******]
Gold:   1350       SH:  0    Dex: 17    Spells: 11/11 levels left

rFire    . . .     SeeInvis .     - Unarmed
rCold    . . .     Gourm    +   a - +0 robe
rNeg     . . .     Faith    .   (no shield)
rPois    +         Spirit   .   (helmet restricted)
rElec    .         Reflect  .   m - +0 cloak
rCorr    +         Harm     .   (gloves unavailable)
MR       +....     NoTele   +   (boots unavailable)
Stlth    ++........             (no amulet)
Regen    0.8/turn               o - +3 ring of intelligence
                                n - +3 ring of intelligence

@: no status effects
A: unfitting armour, beak, claws 3, horns 2, repulsion field 1, blurry vision 1,
fast metabolism 3, gourmand, magic resistance 1, poison resistance, regeneration
1, shaggy fur 2, tough skin 2, gelatinous body 1, translucent skin 1, jelly
absorbing missiles
a: Request Jelly, Slimify, Cure Bad Mutation, Renounce Religion


You were in the Dungeon.
You worshipped Jiyva.
Jiyva was exalted by your worship.
You were completely stuffed.

You visited 1 branch You collected 1350 gold pieces.

Inventory:

Hand Weapons
 g - the +3 giant club "Skullcrusher" {speed, Str+7}
   (You found it in the Dungeon)

   Attacks with this weapon are significantly faster.
   It affects your strength (+7).
Armour
 a - a +0 robe (worn)
 m - a +0 cloak (worn)
Jewellery
 n - a +3 ring of intelligence (left claw)
 o - a +3 ring of intelligence (right claw)
 r - an uncursed ring of protection from magic
Wands
 l - a wand of acid (7/15)
Scrolls
 h - 2 scrolls of blinking
 j - 4 scrolls of remove curse
 k - 2 scrolls of amnesia
 s - a scroll of recharging
 t - 2 scrolls of enchant armour
 u - 2 scrolls of enchant weapon
 v - a scroll of identify
Potions
 c - 5 potions of curing
 d - 9 potions of heal wounds
 e - a potion of haste
 f - 4 potions of magic
 i - a potion of invisibility
 q - a potion of might
Comestibles
 b - 14 bread rations
 p - 7 chunks of flesh
 w - 13 meat rations
 x - 41 fruits


   Skills:
 + Level 13.3 Fighting
 + Level 13.3 Dodging
 - Level 1.0 Stealth
 * Level 20.5 Unarmed Combat
 + Level 1.2 Evocations


You had 11 spell levels left.
You didn't know any spells.

Dungeon Overview and Level Annotations

Branches:
Dungeon (1/1)

Altars:
Cheibriados
Dithmenos
Elyvilon
Fedhas
Gozag
Hepliaklqana
Kikubaaqudgha
Makhleb
Nemelex Xobeh
Okawaru
Qazlal
Ru
Sif Muna
Trog
Uskayaw
Vehumet
Xom
Yredelemnul
Zin
The Shining One
Beogh
Jiyva
Lugonu

Shops:
D *::(


Innate Abilities, Weirdness & Mutations

You are too large for most types of armour.
You have claws for hands.
Your metabolism is lightning-fast.
You like to eat raw meat.
Your natural rate of healing is unusually fast.
You are covered in thick fur. (AC +2)
You have very tough skin. (AC +2)
You have a beak for a mouth.
You have a pair of horns on your head.
You are surrounded by a mild repulsion field. (EV +2)
Scrolls take you a little longer to read.
You are resistant to hostile enchantments. (MR+)
Your system is resistant to poisons. (rPois)
Your rubbery body absorbs attacks. (AC +1, EV +1)
Your translucent skin slightly reduces your foes' accuracy. (Stealth)
You have a small jelly attached to you that may absorb incoming projectiles.


Message History

You mangle the basilisk!!
You kill the basilisk!
A rakshasa comes into view. It is wielding a long sword.
The rakshasa moves out of view.
The rakshasa blinks!
The ettin closely misses you. The ettin completely misses you.
You scratch the ettin.
You headbutt the ettin, but do no damage.
The ettin is lightly wounded.
You are no longer corroded.
The ettin hits you with a dire flail!!
* * * LOW HITPOINT WARNING * * *
The ettin barely misses you.
You mangle the ettin!!
The ettin is moderately wounded.
You claw the ettin!
The ettin is heavily wounded.
The ettin hits you with a dire flail!
* * * LOW HITPOINT WARNING * * *
The ettin hits you with a dire flail!
You die...

÷÷.......'%J........[.'..[[[[..'.
▓▓▓▓▓▓▓▓▓▓▓▓▓▓▓▓▓▓▓▓▓▓▓▓▓▓▓▓▓▓▓▓▓
............J....................
▓▓▓▓▓▓▓▓▓▓▓▓▓▓▓▓▓▓▓▓▓▓▓▓▓▓▓▓▓▓▓▓▓
........'....J∩.∩.∩.∩..J..'...J..
▓▓▓▓▓▓▓▓▓▓▓▓▓▓▓▓▓▓▓▓▓▓▓▓▓▓▓▓▓▓▓▓▓
.....)...........................
▓▓▓▓▓▓▓▓▓▓▓▓▓▓▓▓▓▓▓▓▓▓▓▓▓▓▓▓▓▓▓▓▓
.J........'...R)@CccC..R
▓▓▓▓▓▓▓▓▓▓▓▓▓▓▓▓▓▓▓▓▓▓▓▓


You could see 2 yaktaur captains, 2 ettins and 2 rakshasas.

Vanquished Creatures
  An ice dragon (D)
  3 ogre magi (D)
  A rakshasa (D)
  7 two-headed ogres (D)
  An orc high priest (D)
  An unseen horror (D)
  3 orc knights (D)
  An ugly thing (D)
  A deep elf mage (D)
  Psyche (D)
  4 spiny frogs (D)
  A komodo dragon (D)
  A tyrant leech (D)
  2 hippogriffs (D)
  2 yaks (D)
  A basilisk (D)
  2 vampire mosquitoes (D)
  3 water moccasins (D)
  6 porcupines (D)
  9 orc warriors (D)
  An ice beast (D)
  4 ogres (D)
  A crocodile (D)
  5 bullfrogs (D)
  2 scorpions (D)
  A crimson imp (D)
  5 orc priests (D)
  5 orc wizards (D)
  An iguana (D)
  A worker ant (D)
  3 adders (D)
  An adder skeleton (D)
  4 orcs (D)
  A giant cockroach (D)
  A goblin (D)
  A hobgoblin (D)
  A bat (D)
  A kobold (D)
90 creatures vanquished.

Vanquished Creatures (others)
  A spatial maelstrom (D)
  A slime creature (D)
  An acid dragon (D)
  An eye of draining (D)
  4 jellies (D)
  A worker ant (D)
  A bat skeleton (D)
10 creatures vanquished.

Grand Total: 100 creatures vanquished

Notes
Turn   | Place    | Note
-------+----------+-------------------------------------------
     0 | D        | Buffagor the Troll Monk began the quest for the Orb.
     0 | D        | Reached XP level 1. HP: 22/22 MP: 0/0
    11 | D        | Reached skill level 4 in Unarmed Combat
    15 | D        | Banished a spatial maelstrom
    25 | D        | Noticed a scorpion
    25 | D        | Noticed a scorpion
    25 | D        | Noticed a crimson imp
    28 | D        | Reached XP level 2. HP: 31/31 MP: 1/1
    31 | D        | Killed a scorpion
    31 | D        | Reached skill level 6 in Unarmed Combat
    31 | D        | Reached XP level 3. HP: 33/39 MP: 2/2
    35 | D        | Killed a scorpion
    35 | D        | Reached skill level 7 in Unarmed Combat
    35 | D        | Reached XP level 4. HP: 34/49 MP: 3/3
    50 | D        | Reached skill level 8 in Unarmed Combat
    50 | D        | Reached XP level 5. HP: 32/55 MP: 4/4
   108 | D        | Found a roughly hewn altar of Beogh.
   108 | D        | Found a snail-covered altar of Cheibriados.
   108 | D        | Found a shadowy altar of Dithmenos.
   108 | D        | Found a white marble altar of Elyvilon.
   108 | D        | Found a blossoming altar of Fedhas.
   108 | D        | Found an opulent altar of Gozag.
   109 | D        | Found a hazy altar of Hepliaklqana.
   110 | D        | Found a viscous altar of Jiyva.
   111 | D        | Found an ancient bone altar of Kikubaaqudgha.
   112 | D        | Found a corrupted altar of Lugonu.
   113 | D        | Found a burning altar of Makhleb.
   114 | D        | Found a sparkling altar of Nemelex Xobeh.
   115 | D        | Found an iron altar of Okawaru.
   116 | D        | Found a stormy altar of Qazlal.
   117 | D        | Found a sacrificial altar of Ru.
   118 | D        | Became a worshipper of Jiyva Jamenn the Shapeless
   118 | D        | Reached * piety under Jiyva
   118 | D        | Reached ** piety under Jiyva
   119 | D        | Found a deep blue altar of Sif Muna.
   120 | D        | Found a bloodstained altar of Trog.
   121 | D        | Found a hide-covered altar of Uskayaw.
   122 | D        | Found a radiant altar of Vehumet.
   123 | D        | Found a shimmering altar of Xom.
   124 | D        | Found a basalt altar of Yredelemnul.
   125 | D        | Found a glowing silver altar of Zin.
   126 | D        | Found a glowing golden altar of the Shining One.
   132 | D        | Reached *** piety under Jiyva
   132 | D        | Gained mutation: You are resistant to electric shocks. (rElec) [Jiyva's grace]
   132 | D        | Reached **** piety under Jiyva
   140 | D        | Gained mutation: You have a small jelly attached to you that senses nearby items. [Jiyva's grace]
   140 | D        | Reached ***** piety under Jiyva
   140 | D        | Lost mutation: You are resistant to electric shocks. (rElec) [Jiyva's grace]
   159 | D        | Noticed an ice beast
   161 | D        | Reached skill level 5 in Fighting
   161 | D        | Reached skill level 5 in Dodging
   165 | D        | Reached skill level 9 in Unarmed Combat
   165 | D        | Reached XP level 6. HP: 57/67 MP: 5/5
   174 | D        | Killed an ice beast
   174 | D        | Reached skill level 10 in Unarmed Combat
   231 | D        | Noticed a two-headed ogre
   237 | D        | Killed a two-headed ogre
   237 | D        | Reached skill level 12 in Unarmed Combat
   237 | D        | Reached XP level 7. HP: 79/79 MP: 6/6
   241 | D        | Gained mutation: You have acidic saliva. [Jiyva's grace]
   293 | D        | Gained mutation: You have a pair of small horns on your head. [Jiyva's grace]
   293 | D        | Reached ****** piety under Jiyva
   293 | D        | Lost mutation: You have a small jelly attached to you that senses nearby items. [Jiyva's grace]
   300 | D        | Gained mutation: Your mind is acute. (Int +2) [Jiyva's grace]
   301 | D        | Gained mutation: You are resistant to hostile enchantments. (MR+) [Jiyva's grace]
   301 | D        | Gained mutation: Your mind is very acute. (Int +4) [Jiyva's grace]
   301 | D        | Lost mutation: Your mind is very acute. (Int +4) [Jiyva's grace]
   301 | D        | Gained mutation: Armour fits poorly on your pseudopods. [Jiyva's grace]
   301 | D        | Lost mutation: Your mind is acute. (Int +2) [Jiyva's grace]
   302 | D        | Lost mutation: You have a pair of small horns on your head. [Jiyva's grace]
   302 | D        | Gained mutation: Your spells are a little harder to cast, but a little more powerful. [Jiyva's grace]
   365 | D        | Noticed a spiny frog
   365 | D        | Noticed a komodo dragon
   366 | D        | Reached XP level 8. HP: 88/88 MP: 7/7
   374 | D        | Killed a spiny frog
   374 | D        | Reached skill level 13 in Unarmed Combat
   382 | D        | Killed a komodo dragon
   382 | D        | Reached skill level 14 in Unarmed Combat
   386 | D        | Reached XP level 9. HP: 64/98 MP: 8/8
   468 | D        | Lost mutation: You are resistant to hostile enchantments. (MR+) [Jiyva's grace]
   472 | D        | Gained mutation: You are partially covered in icy blue scales. (AC +2) [Jiyva's grace]
   474 | D        | Reached skill level 15 in Unarmed Combat
   475 | D        | Gained mutation: You have large cloven feet. [Jiyva's grace]
   477 | D        | Gained mutation: You possess an exceptional clarity of mind. [Jiyva's grace]
   481 | D        | Gained mutation: Your mind is acute. (Int +2) [Jiyva's grace]
   490 | D        | Gained mutation: You are partially covered in large bone plates. (SH +4) [Jiyva's grace]
   491 | D        | Lost mutation: You have acidic saliva. [Jiyva's grace]
   493 | D        | Gained mutation: Armour fits poorly on your large pseudopods. [Jiyva's grace]
   497 | D        | Gained mutation: Armour fits poorly on your massive pseudopods. [Jiyva's grace]
   505 | D        | Gained mutation: Your body has grown golden eyes which may confuse attackers. (Acc +3) [Jiyva's grace]
   505 | D        | Lost mutation: Your body has grown golden eyes which may confuse attackers. (Acc +3) [Jiyva's grace]
   506 | D        | Lost mutation: You are partially covered in large bone plates. (SH +4) [Jiyva's grace]
   507 | D        | Lost mutation: Your mind is acute. (Int +2) [Jiyva's grace]
   509 | D        | Gained mutation: You are partially covered in yellow scales. (AC +2) [Jiyva's grace]
   510 | D        | Gained mutation: Your body has grown golden eyes which may confuse attackers. (Acc +3) [Jiyva's grace]
   597 | D        | Gained mutation: You have a pair of small antennae on your head. [Jiyva's grace]
   599 | D        | Lost mutation: Your body has grown golden eyes which may confuse attackers. (Acc +3) [Jiyva's grace]
   604 | D        | Lost mutation: You have large cloven feet. [Jiyva's grace]
   614 | D        | Lost mutation: You possess an exceptional clarity of mind. [Jiyva's grace]
   619 | D        | Gained mutation: Your flesh is heat resistant. (rF+) [Jiyva's grace]
   621 | D        | Gained mutation: You have a somewhat thin skeletal structure. (Dex +2, Stealth) [Jiyva's grace]
   653 | D        | Noticed a spiny frog
   653 | D        | Noticed a spiny frog
   654 | D        | Noticed a tyrant leech
   660 | D        | Reached skill level 10 in Fighting
   660 | D        | Reached skill level 10 in Dodging
   662 | D        | Killed a spiny frog
   667 | D        | Killed a spiny frog
   667 | D        | Reached skill level 16 in Unarmed Combat
   667 | D        | Reached XP level 10. HP: 75/110 MP: 9/9
   674 | D        | Noticed a spiny frog
   684 | D        | Killed a spiny frog
   692 | D        | Lost mutation: Armour fits poorly on your massive pseudopods. [potion of mutation]
   692 | D        | Lost mutation: Armour fits poorly on your large pseudopods. [potion of mutation]
   692 | D        | Lost mutation: Armour fits poorly on your pseudopods. [potion of mutation]
   692 | D        | Lost mutation: You have a pair of small antennae on your head. [potion of mutation]
   692 | D        | Gained mutation: You have a pair of small horns on your head. [potion of mutation]
   692 | D        | Gained mutation: You have large cloven feet. [potion of mutation]
   692 | D        | Gained mutation: You have a pair of horns on your head. [potion of mutation]
   692 | D        | Gained mutation: Armour fits poorly on your pseudopods. [Jiyva's grace]
   694 | D        | Gained mutation: Scrolls take you a little longer to read. [Jiyva's grace]
   695 | D        | Lost mutation: Scrolls take you a little longer to read. [Jiyva's grace]
   695 | D        | Lost mutation: You have a pair of horns on your head. [Jiyva's grace]
   695 | D        | Gained mutation: You have a beak for a mouth. [Jiyva's grace]
   700 | D        | Gained mutation: You possess an exceptional clarity of mind. [Jiyva's grace]
   703 | D        | Lost mutation: You are partially covered in icy blue scales. (AC +2) [Jiyva's grace]
   704 | D        | Gained mutation: You are partially covered in thin metallic scales. (AC +2) [Jiyva's grace]
   706 | D        | Gained mutation: You are covered in thick fur. (AC +2) [Jiyva's grace]
   712 | D        | Lost mutation: You have a somewhat thin skeletal structure. (Dex +2, Stealth) [Jiyva's grace]
   714 | D        | Lost mutation: Armour fits poorly on your pseudopods. [Jiyva's grace]
   715 | D        | Gained mutation: You are robust. (+10% HP) [Jiyva's grace]
   717 | D        | Gained mutation: You are surrounded by a mild repulsion field. (EV +2) [Jiyva's grace]
   717 | D        | Lost mutation: You are partially covered in yellow scales. (AC +2) [Jiyva's grace]
   717 | D        | Lost mutation: You possess an exceptional clarity of mind. [Jiyva's grace]
   719 | D        | Lost mutation: You are partially covered in thin metallic scales. (AC +2) [Jiyva's grace]
   721 | D        | Gained mutation: You expend magic power (3 MP) to strengthen your wands. [Jiyva's grace]
   724 | D        | Lost mutation: You are surrounded by a mild repulsion field. (EV +2) [Jiyva's grace]
   724 | D        | Gained mutation: You have a pair of horns on your head. [Jiyva's grace]
   726 | D        | Lost mutation: Your flesh is heat resistant. (rF+) [Jiyva's grace]
   727 | D        | Gained mutation: You are partially covered in slimy green scales. (AC +2) [Jiyva's grace]
   727 | D        | Gained mutation: Your body has grown golden eyes which may confuse attackers. (Acc +3) [Jiyva's grace]
   729 | D        | Gained mutation: You have hoof-like feet. [Jiyva's grace]
   733 | D        | Gained mutation: You are partially covered in yellow scales. (AC +2) [Jiyva's grace]
   735 | D        | Gained mutation: You evolve. [Jiyva's grace]
   741 | D        | Gained mutation: You are partially covered in large bone plates. (SH +4) [Jiyva's grace]
   742 | D        | Lost mutation: You evolve. [Jiyva's grace]
   744 | D        | Lost mutation: You have hoof-like feet. [Jiyva's grace]
   800 | D        | Noticed an orc high priest
   807 | D        | Killed an orc high priest
   834 | D        | Reached skill level 17 in Unarmed Combat
   863 | D        | Gained mutation: You are somewhat resistant to further mutation. [Jiyva's grace]
   872 | D        | Lost mutation: Your body has grown golden eyes which may confuse attackers. (Acc +3) [Jiyva's grace]
   907 | D        | Noticed an orc knight
   907 | D        | Noticed an orc knight
   909 | D        | Noticed an orc knight
   919 | D        | Killed an orc knight
   923 | D        | Killed an orc knight
   930 | D        | Killed an orc knight
   946 | D        | Reached skill level 18 in Unarmed Combat
   949 | D        | Gained mutation: You have acidic saliva. [Jiyva's grace]
   949 | D        | Lost mutation: You are somewhat resistant to further mutation. [Jiyva's grace]
   949 | D        | Gained mutation: You evolve. [Jiyva's grace]
   952 | D        | Lost mutation: You have acidic saliva. [Jiyva's grace]
   955 | D        | Reached XP level 11. HP: 51/132 MP: 10/10
   957 | D        | Gained mutation: Your muscles are strong. (Str +2) [Jiyva's grace]
   958 | D        | Gained mutation: Your mind is acute. (Int +2) [Jiyva's grace]
   964 | D        | Lost mutation: Your spells are a little harder to cast, but a little more powerful. [Jiyva's grace]
   964 | D        | Gained mutation: Your mind is very acute. (Int +4) [Jiyva's grace]
   967 | D        | Gained mutation: Your muscles are very strong. (Str +4) [Jiyva's grace]
   967 | D        | Lost mutation: Your mind is very acute. (Int +4) [Jiyva's grace]
   967 | D        | Lost mutation: Your mind is acute. (Int +2) [Jiyva's grace]
   968 | D        | Lost mutation: You have large cloven feet. [Jiyva's grace]
   968 | D        | Gained mutation: You are covered in slimy tendrils that may disarm your opponents. [Jiyva's grace]
   969 | D        | Gained mutation: Your rubbery body absorbs attacks. (AC +1, EV +1) [Jiyva's grace]
   970 | D        | Lost mutation: You are robust. (+10% HP) [Jiyva's grace]
   970 | D        | Lost mutation: Your rubbery body absorbs attacks. (AC +1, EV +1) [Jiyva's grace]
   971 | D        | Lost mutation: Your muscles are very strong. (Str +4) [Jiyva's grace]
   971 | D        | Lost mutation: Your muscles are strong. (Str +2) [Jiyva's grace]
   971 | D        | Lost mutation: You are partially covered in yellow scales. (AC +2) [Jiyva's grace]
   971 | D        | Lost mutation: You evolve. [Jiyva's grace]
   971 | D        | Gained mutation: You are somewhat resistant to further mutation. [Jiyva's grace]
   972 | D        | Gained mutation: Your system is resistant to poisons. (rPois) [Jiyva's grace]
   972 | D        | Lost mutation: You have a pair of horns on your head. [Jiyva's grace]
   972 | D        | Lost mutation: You are partially covered in slimy green scales. (AC +2) [Jiyva's grace]
   973 | D        | Found Jenuem's General Store.
   973 | D        | Noticed a two-headed ogre
   973 | D        | Noticed a two-headed ogre
   973 | D        | Lost mutation: You are covered in slimy tendrils that may disarm your opponents. [Jiyva's grace]
   973 | D        | Lost mutation: You are partially covered in large bone plates. (SH +4) [Jiyva's grace]
   974 | D        | Noticed an ogre mage
   976 | D        | Noticed a two-headed ogre
   979 | D        | Killed a two-headed ogre
   980 | D        | Found Useewk's Book Shoppe.
   983 | D        | Killed a two-headed ogre
   988 | D        | Killed an ogre mage
   990 | D        | Noticed a two-headed ogre
   995 | D        | Noticed a two-headed ogre
   998 | D        | Killed a two-headed ogre
   999 | D        | Found Osith's Book Emporium.
  1001 | D        | Reached skill level 19 in Unarmed Combat
  1002 | D        | Lost mutation: You are somewhat resistant to further mutation. [Jiyva's grace]
  1002 | D        | Gained mutation: You are surrounded by a mild repulsion field. (EV +2) [Jiyva's grace]
  1002 | D        | Gained mutation: Your rubbery body absorbs attacks. (AC +1, EV +1) [Jiyva's grace]
  1004 | D        | Killed a two-headed ogre
  1006 | D        | Gained mutation: You are robust. (+10% HP) [Jiyva's grace]
  1007 | D        | Killed a two-headed ogre
  1008 | D        | Found Yqiynwai's Weapon Shoppe.
  1009 | D        | Gained mutation: You have a small jelly attached to you that may absorb incoming projectiles. [Jiyva's grace]
  1009 | D        | Lost mutation: You expend magic power (3 MP) to strengthen your wands. [Jiyva's grace]
  1011 | D        | Noticed an ogre mage
  1011 | D        | Lost mutation: You are robust. (+10% HP) [Jiyva's grace]
  1011 | D        | Gained mutation: Scrolls take you a little longer to read. [Jiyva's grace]
  1013 | D        | Noticed a two-headed ogre
  1015 | D        | Noticed an ogre mage
  1020 | D        | Killed an ogre mage
  1023 | D        | Killed a two-headed ogre
  1028 | D        | Killed an ogre mage
  1040 | D        | Gained mutation: Your translucent skin slightly reduces your foes' accuracy. (Stealth) [Jiyva's grace]
  1041 | D        | Gained mutation: You are resistant to hostile enchantments. (MR+) [Jiyva's grace]
  1041 | D        | Gained mutation: You have a pair of horns on your head. [Jiyva's grace]
  1094 | D        | Noticed Psyche
  1102 | D        | Killed Psyche
  1198 | D        | Noticed a brown ugly thing
  1198 | D        | Noticed a deep elf mage
  1198 | D        | Noticed a rakshasa
  1200 | D        | Killed an unseen horror
  1200 | D        | Reached skill level 20 in Unarmed Combat
  1201 | D        | Noticed an ice dragon
  1203 | D        | Noticed an ettin
  1208 | D        | Killed a brown ugly thing
  1209 | D        | Noticed a rakshasa
  1211 | D        | Killed a deep elf mage
  1219 | D        | Killed a rakshasa
  1219 | D        | Reached XP level 12. HP: 104/136 MP: 11/11
  1224 | D        | Noticed a yaktaur captain
  1225 | D        | Killed an ice dragon
  1225 | D        | Reached skill level 1 in Evocations
  1227 | D        | Noticed an ettin
  1232 | D        | Noticed a rakshasa
  1235 | D        | Mangled by an ettin

Vault maps used:
D:        linesprint

Skill      XL: |  1  2  3  4  5  6  7  8  9 10 11 12 |
---------------+-------------------------------------+-----
Unarmed Combat | 4 6 7 8 9 12 14 16 18 20 | 20.5
Fighting       | 3 4 5 7 9 10 11 13 | 13.3
Dodging        | 3 4 5 7 9 10 11 13 | 13.3
Evocations     | 1 |  1.2
Stealth        | |  1.0

Action                   |  1- 3 |  4- 6 |  7- 9 | 10-12 || total
-------------------------+-------+-------+-------+-------++-------
Melee: Unarmed           |    16 |    31 |    66 |   156 ||   269
       Bite              |       |       |    10 |       ||    10
       Pseudopods        |       |       |    11 |     3 ||    14
       Punch             |       |       |     3 |    15 ||    18
       Kick              |       |       |     7 |    23 ||    30
       Peck              |       |       |       |    37 ||    37
       Headbutt          |       |       |       |    29 ||    29
  Use: Potion            |       |     1 |       |     2 ||     3
 Stab: Sleeping          |     1 |       |     1 |       ||     2
  Eat: Chunk             |     1 |     7 |     1 |     2 ||    11
Armor: Robe              |     3 |     6 |     6 |     9 ||    24
Dodge: Dodged            |     6 |    10 |    33 |    68 ||   117
Block: Other             |       |       |       |     4 ||     4
